 Dungeon Crawl Stone Soup version 0.18-a0-1027-g814d7dd (webtiles) character file.

51 tof the Shield-Bearer (level 4, -2/37 HPs)
             Began as a Formicid Fighter on Jan 8, 2016.
             Succumbed to a water moccasin's poison
             ... on level 5 of the Dungeon.
             The game lasted 00:05:04 (1562 turns).

tof the Shield-Bearer (Formicid Fighter)            Turns: 1562, Time: 00:05:05

Health: -2/37      AC:  7    Str: 20    XL:     4   Next: 7%
Magic:  4/4        EV:  8    Int:  8    God:
Gold:   112        SH:  9    Dex: 11    Spells: 0 memorised, 3 levels left

rFire  . . .     SeeInvis +     a - +0 flail
rCold  . . .     Gourm    .     b - +0 scale mail
rNeg   . . .     Faith    .     c - +0 shield
rPois  .         Spirit   .     (helmet unavailable)
rElec  .         Dismiss  .     (no cloak)
rCorr  .         Reflect  .     (no gloves)
SustAt .         Harm     .     (no boots)
MR     .....                    (no amulet)
Stlth  ..........               (no ring)
                                (no ring)

@: lethally poisoned (-2 -> -28), not resistant to hostile enchantments,
extremely unstealthy
A: permanent stasis, dig shafts and tunnels, four strong arms, antennae 3
a: Dig, Shaft Self


You were on level 5 of the Dungeon.
You were not hungry.

You visited 1 branch of the dungeon, and saw 5 of its levels.

You collected 112 gold pieces.

Inventory:

Hand Weapons
 a - a +0 flail (weapon)
Armour
 b - a +0 scale mail (worn)
 c - a +0 shield (worn)
Scrolls
 e - 2 scrolls of remove curse {unknown}
 g - a scroll of recharging {unknown}
 h - 6 scrolls of identify {unknown}
 l - a scroll of random uselessness {unknown}
 m - 2 scrolls of amnesia {unknown}
 p - a scroll of teleportation {unknown}
 q - a scroll of magic mapping {unknown}
Potions
 d - a potion of might
 i - a potion of lignification {unknown}
 k - a potion of invisibility {unknown}
 n - a potion of heal wounds {unknown}
 o - 2 potions of curing {unknown}
 r - a potion of beneficial mutation {unknown}
 s - 2 potions of magic {unknown}
Comestibles
 f - 2 bread rations
 j - a meat ration


   Skills:
 + Level 3.7 Fighting
 * Level 2.4 Maces & Flails
 + Level 3.8 Armour
 + Level 0.6 Dodging
 + Level 4.2 Shields


You had 3 spell levels left.
You didn't know any spells.

Dungeon Overview and Level Annotations

Branches:
Dungeon (6/15)
 Temple: D:4-7

Altars:

Annotations:
D:6 Conn321's ghost, amateur HOFE


Innate Abilities, Weirdness & Mutations

You are under a permanent stasis effect.
You can dig through walls and to a lower floor.
Your four strong arms can wield two-handed weapons with a shield.
You have a pair of large antennae on your head (SInv).


Message History

The water moccasin completely misses you.
You closely miss the water moccasin.
The water moccasin is moderately wounded.
* * * LOW HITPOINT WARNING * * *
You feel very sick.
You block the water moccasin's attack. x2
You hit the water moccasin.
The water moccasin is heavily wounded.
* * * LOW HITPOINT WARNING * * *
You feel very sick. You block the water moccasin's attack.
The water moccasin closely misses you.
Your scale mail prevents you from hitting the water moccasin.
The water moccasin is heavily wounded.
* * * LOW HITPOINT WARNING * * *
You feel very sick.
The water moccasin completely misses you.
You block the water moccasin's attack.
You closely miss the water moccasin.
The water moccasin is heavily wounded.
You die...

# #.#### ## .##..... .#
# #......# .# ##.
#.#..#.###.#
...######.#).......#
#.......#.##.#..#..#
#.......#.##.#..#..####.
#.......#.......@S......
#...........b...........
#.......###.............
#.....>.# #.......#####.
#.......# #.........
######### #.......###
#...(...# #.......#
####.##.#


You could see a water moccasin.

Vanquished Creatures
  2 adders (D:2)
  A worm (D:2)
  An orc (D:3)
  A ball python (D:1)
  5 bats
  2 giant cockroaches (D:1)
  3 hobgoblins
  3 quokkas (D:2)
  2 goblins
  5 kobolds
  5 rats
30 creatures vanquished.

Notes
Turn   | Place    | Note
--------------------------------------------------------------
     0 | D:1      | tof the Formicid Fighter began the quest for the Orb.
     0 | D:1      | Reached XP level 1. HP: 18/18 MP: 1/1
    80 | D:1      | Reached XP level 2. HP: 24/24 MP: 2/2
   586 | D:2      | Reached XP level 3. HP: 29/29 MP: 3/3
   698 | D:2      | Reached skill level 4 in Shields
  1171 | D:2      | Reached XP level 4. HP: 34/37 MP: 4/4
  1252 | D:3      | You fall through a shaft for 3 floors!
  1277 | D:6      | Noticed Conn321's ghost (amateur HOFE)
  1291 | D:5      | Entered Level 5 of the Dungeon
  1551 | D:5      | Noticed a water moccasin
  1561 | D:5      | HP: 1/37 [poisoned by a water moccasin]
  1562 | D:5      | Succumbed to a water moccasin's poison

Vault maps used:
D:1:      onia_arrival_handbag
D:3:      marbit_many_paths, gup_sewer_entry_glass, first_bread,
          lemuel_tele_altar
D:5:      nicolae_overflow_crystal_walls, xom_butterflies,
          minmay_temple_entry_statues_fountains, serial_shops,
          kennysheep_mini_moat, shop, kennysheep_mini, shop_fountains, shop
D:6:      uniq_pikel, uniq_edmund

Action                   |  1- 3 |  4- 6 || total
-------------------------+-------+-------++-------
Melee: Flail             |    93 |    20 ||   113
 Abil: Dig               |     2 |       ||     2
       Shaft Self        |       |     1 ||     1
  Eat: Chunk             |     1 |     1 ||     2
       Bread ration      |       |     1 ||     1
